 Dungeon Crawl Stone Soup version 0.16-a0-3596-g438c78e (webtiles) character file.

101 Kemay the Changer (level 4, -1/28 HPs)
             Began as an Octopode Transmuter on Jan 12, 2015.
             Was an Initiate of Sif Muna.
             Slain by a jackal (3 damage)
             ... on level 3 of the Dungeon.
             The game lasted 00:05:54 (2315 turns).

Kemay the Changer (Octopode Transmuter)             Turns: 2315, Time: 00:05:54

Health: -1/28      AC:  2    Str:  9    XL:     4   Next: 75%
Magic:  7/7        EV: 12    Int: 16    God:    Sif Muna [......]
Gold:   152        SH:  0    Dex: 10    Spells: 2 memorised, 3 levels left

rFire  . . .     SeeInvis +       - Unarmed
rCold  . . .     Clarity  .     (no shield)
rNeg   . . .     SustAb   .     (helmet restricted)
rPois  .         Gourm    .     (no amulet)
rElec  .         Spirit   .     e - ring of see invisible
rCorr  .         Warding  .     (no ring)
rMut   .         Stasis   .     (no ring)
MR     .....                    (no ring)
Stlth  ++........               (no ring)
                                (no ring)
                                (no ring)
                                (no ring)

@: appendage, not resistant to hostile enchantments, unstealthy
A: almost no armour, amphibious, 8 rings, constrict 8, tentacle spike 3, icy
blue scales 1, camouflage 1, clumsy 1, wild magic 1, gelatinous body 1
a: End Transformation, Renounce Religion


You were on level 3 of the Dungeon.
You worshipped Sif Muna.
Sif Muna was noncommittal.
You were hungry.
One of your tentacles had a temporary spike.
You visited 1 branch of the dungeon, and saw 3 of its levels.

You collected 152 gold pieces.

Inventory:

Jewellery
 e - a ring of see invisible (left tentacle)
Potions
 h - a potion of curing
Books
 d - a book of Changes

   Spells                             Type                      Level
   a - Beastly Appendage              Transmutation                1
   b - Sticks to Snakes               Transmutation                2
   c - Spider Form                    Transmutation/Poison         3
   d - Ice Form                       Ice/Transmutation            4
   e - Blade Hands                    Transmutation                5
Comestibles
 a - 2 bread rations
 b - 2 meat rations
 c - 2 beef jerkies
 f - a royal jelly
 g - 2 fruits
 j - a slice of pizza


   Skills:
 - Level 1.0 Fighting
 - Level 2.0 Dodging
 - Level 3.0 Unarmed Combat
 - Level 2.0 Spellcasting
 + Level 4.8 Transmutations


You had 3 spell levels left.
You knew the following spells:

 Your Spells              Type           Power        Failure   Level  Hunger
a - Beastly Appendage     Trmt           ####..       9%          1    #......
b - Spider Form           Trmt/Pois      ##........   43%         3    ###....


Dungeon Overview and Level Annotations

Branches:
Dungeon (3/15)

Altars:
Sif Muna


Innate Abilities, Weirdness & Mutations

You cannot wear most types of armour.
You are amphibious.
You can wear up to eight rings at the same time.
You can use your tentacles to constrict many enemies at once.
Your skin changes colour to match your surroundings (Stealth).
Your rubbery body absorbs attacks (AC +1).
One of your tentacles bears a large vicious spike.
You are partially covered in icy blue scales (AC +1).
You are clumsy. (Dex -2)
Your spells are a little harder to cast, but a little more powerful.


Message History

* * * LOW HITPOINT WARNING * * *
The jackal misses you. The jackal closely misses you.
You see here a jackal corpse.
You tentacle-slap the jackal.
You kill the jackal!
The jackal barely misses you.
You closely miss the jackal. Your grab misses the jackal.
The jackal is heavily wounded.
The jackal bites you.
* * * LOW HITPOINT WARNING * * *
You barely miss the jackal. You grab the jackal.
The jackal is heavily wounded.
You constrict the jackal, but do no damage.
The jackal bites you but does no damage.
You tentacle-slap the jackal but do no damage.
You pierce the jackal, but do no damage.
The jackal is heavily wounded.
You constrict the jackal. The jackal bites you.
You die...

# # ### >.####
#....# ######
####.########....##
# #.(.)..........#
# ####.....#....##
# #.....####@.#
#####.# ##h# ###
#†......# #.......#
........#
##.....$.#
##.###### ..# ..#


You could see a jackal.

Vanquished Creatures
  The ghost of Malog the Ducker, a weakling FeCK of Xom (D:3)
  An adder (D:2)
  2 giant geckos
  6 bats
  3 giant cockroaches
  8 goblins
  9 hobgoblins
  7 jackals
  A quokka (D:2)
  9 giant newts
  7 kobolds
  6 rats
60 creatures vanquished.

Notes
Turn   | Place    | Note
--------------------------------------------------------------
     0 | D:1      | Kemay, the Octopode Transmuter, began the quest for the Orb.
     0 | D:1      | Reached XP level 1. HP: 13/13 MP: 3/3
   337 | D:1      | Reached XP level 2. HP: 16/18 MP: 2/4
  1119 | D:2      | Reached XP level 3. HP: 19/23 MP: 6/6
  1129 | D:2      | Learned a level 3 spell: Spider Form
  1351 | D:2      | Found a deep blue altar of Sif Muna.
  1368 | D:2      | Became a worshipper of Sif Muna the Loreminder
  1491 | D:2      | Reached skill level 4 in Transmutations
  1904 | D:3      | Reached XP level 4. HP: 28/28 MP: 5/7
  2075 | D:3      | Noticed Malog's ghost (weakling FeCK)
  2091 | D:3      | Killed Malog's ghost
  2193 | D:3      | Gained mutation: You are partially covered in icy blue scales (AC +1). [potion of mutation]
  2193 | D:3      | Gained mutation: You are clumsy. (Dex -2) [potion of mutation]
  2193 | D:3      | Gained mutation: Your spells are a little harder to cast, but a little more powerful. [potion of mutation]
  2315 | D:3      | Slain by a jackal

Action                   |  1- 3 |  4- 6 || total
-------------------------+-------+-------++-------
Melee: Unarmed           |   110 |    51 ||   161
 Cast: Beastly Appendage |    15 |     2 ||    17
       Spider Form       |       |     1 ||     1
  Use: Scroll            |     4 |     4 ||     8
       Potion            |       |     2 ||     2
 Stab: Sleeping          |     1 |       ||     1
  Eat: Chunk             |     3 |     1 ||     4
